Map: Prion Terraces

Players

Blubbel

  • Race: Terran Terran
  • League: Bronze

UnM

  • Race: Terran Terran

zod

  • Race: Protoss Protoss
  • League: Silver

hug

  • Race: Protoss Protoss
  • League: Silver

VOD

Have the link to the VOD?

Description

Time

  • Played on: Dec. 20, 2015, 9:21 a.m.
  • Length: 25:01
Show
View Real Time Build Order
Export as new Build Order

Blubbel Terran 

Build Orders:  

Get SALT Encoding   

  12  0:01  SCV  
  13  0:13  SCV  
  14  0:23  Supply Depot  
  14  0:25  SCV  
  15  0:39  Refinery  
  15  0:50  Barracks  
  15  0:55  SCV  
  16  1:07  SCV  
  17  1:19  SCV  
  18  1:31  SCV  
  19  1:41  Marine  
  19  1:43  Supply Depot  
  20  1:50  Command Center  
  19  2:15  SCV  
  19  2:16  Factory  
  20  2:27  SCV  
  20  2:29  Marine  
  21  2:40  SCV, Refinery  
  22  2:46  Marine  
  23  2:52  SCV  
  24  3:01  Widow Mine  
  24  3:02  Starport  
  24  3:04  SCV  
  27  3:16  SCV  
  27  3:17  Supply Depot  
  27  3:19  SCV  
  29  3:28  SCV  
  29  3:31  SCV, Marine  
  29  3:32  Engineering Bay  
  29  3:49  SCV  
  29  3:53  SCV  
  31  3:59  Medivac  
  31  4:00  Barracks Tech Lab  
  31  4:01  SCV  
  34  4:04  Factory Tech Lab  
  34  4:06  SCV  
  35  4:11  Barracks  
  35  4:22  SCV  
  35  4:23  SCV  
  37  4:30  Liberator  
  37  4:32  Marine  
  37  4:34  Orbital Command  
  37  4:35  SCV  
  37  4:36  Terran Infantry Weapons Level 1  
  39  4:39  Combat Shields  
  39  4:50  Marine  
  43  4:54  Missile Turret  
  43  5:00  Barracks Reactor  
  43  5:05  Widow Mine  
  45  5:07  Orbital Command  
  45  5:11  Refinery  
  45  5:15  Refinery  
  45  5:17  SCV  
  46  5:21  Marine  
  47  5:29  SCV  
  47  5:34  Supply Depot, Starport Tech Lab, Widow Mine  
  50  5:38  Marine  
  50  5:39  Marauder, Marine  
  54  5:52  Supply Depot  
  54  5:56  Marine  
  55  5:57  Starport  
  55  5:59  Supply Depot  
  55  6:00  Marine  
  55  6:01  Marauder  
  55  6:02  Fusion Core  
  58  6:07  Supply Depot  
  58  6:14  Marine  
  59  6:25  Marauder, Marine  
  62  6:32  Marine  
  63  6:42  Missile Turret  
  63  6:46  Marauder  
  65  6:59  Medivac  
  65  7:00  Medivac  
  69  7:04  Barracks  
  69  7:08  Marauder  
  71  7:14  Supply Depot, Terran Infantry Armor Level 1  
  71  7:29  Medivac  
  73  7:30  Medivac  
  75  7:38  Marauder, Marine x2  
  79  7:52  Widow Mine  
  79  7:55  Marine  
  79  7:56  Marine  
  79  7:58  SCV  
  83  8:00  Marauder  
  83  8:04  SCV  
  86  8:10  SCV  
  87  8:13  Marine  
  87  8:14  Marine  
  87  8:16  SCV  
  90  8:20  Command Center  
  90  8:21  Marauder, Widow Mine  
  94  8:37  Supply Depot  
  94  8:39  Marine x2  
  94  8:40  SCV x2  
  94  8:41  Supply Depot  
  98  8:43  Command Center  
  98  8:45  Barracks Tech Lab  
  98  8:46  Starport Tech Lab  
  98  8:52  SCV  
  99  8:56  Armory  
  99  9:04  SCV  
  99  9:07  Advanced Ballistics  
  99  9:08  Supply Depot, Hi-Sec Auto Tracking  
  100  9:13  Stimpack  
  100  9:15  Hyperflight Rotors  
  100  9:16  Mag-Field Accelerator  
  100  9:27  SCV x2  
  100  9:29  Starport  
  102  9:38  Missile Turret  
  95  9:56  Viking  
  95  9:57  Viking  
  99  10:01  Marine x3  
  99  10:02  Marine  
  103  10:19  Marine x3  
  106  10:26  Cloaking Field  
  106  10:52  Starport Tech Lab  
  106  10:55  SCV  
  106  10:56  Battlecruiser x2  
  119  11:01  Terran Infantry Weapons Level 2  
  119  11:07  SCV  
  115  11:19  SCV  
  116  11:31  SCV  
  117  11:34  Marauder x2  
  117  11:35  Marine x2  
  123  11:43  SCV  
  123  11:49  Medivac  
  123  11:53  Refinery, Marine x2  
  127  11:55  Marauder  
  127  11:56  Refinery, Marauder  
  127  11:58  Barracks, Orbital Command  
  131  12:02  SCV x2  
  133  12:11  Marine  
  133  12:14  SCV x2  
  133  12:15  Refinery  
  136  12:17  Marauder x2  
  136  12:19  Medivac  
  148  12:23  Battlecruiser x2  
  154  12:38  Marauder x2  
  158  12:47  Barracks Reactor  
  158  12:50  Barracks  
  158  12:53  Starport Tech Lab  
  148  13:00  Marine x2, Marauder x2  
  154  13:18  Marine x2  
  156  13:21  Marauder x2  
  162  13:27  Battlecruiser  
  154  13:42  Command Center  
  152  13:54  Supply Depot  
  152  13:57  Supply Depot  
  152  13:59  Supply Depot  
  152  14:00  Supply Depot  
  152  14:05  Supply Depot  
  152  14:08  Supply Depot  
  152  14:10  Barracks Reactor, Supply Depot  
  152  14:18  Battlecruiser x2, Barracks  
  152  14:23  Weapon Refit  
  164  14:30  Armory  
  164  14:32  Supply Depot  
  164  14:33  Marine  
  156  15:27  Command Center  
  154  15:32  Terran Infantry Armor Level 2  
  154  15:36  Marine, Terran Ship Weapons Level 1  
  154  15:37  Marine x3  
  158  15:54  Marine  
  143  16:31  Marauder x2  
  143  16:32  Marine x2  
  126  16:50  Marine x2  
  126  16:52  Marauder x2  
  114  17:06  Marine  
  114  17:08  Marine x2  
  117  17:14  Marauder x2  
  110  17:24  Marine  
  110  17:25  Marine  
  110  17:26  Marine  
  107  17:35  Marauder x2  
  105  17:41  Command Center  
  103  17:47  Marine  
  103  17:48  Terran Infantry Weapons Level 3, Marine x3  
  105  17:56  Marauder x2  
  105  17:58  Battlecruiser x3  
  127  18:18  Marauder x2  
  126  18:33  Command Center  
  126  18:39  Marauder x2  
  130  18:45  Marine  
  130  18:46  Marine x2  
  127  19:00  Marauder  
  127  19:01  Marauder  
  127  19:02  Medivac  
  127  19:07  Battlecruiser  
  133  19:13  Marine  
  133  19:14  Marine  
  135  19:22  Marauder x2  
  135  19:24  Medivac  
  135  19:31  Marine  
  135  19:32  Medivac  
  138  19:43  Marauder x2  
  142  19:48  Marine  
  142  19:49  Marine  
  144  20:05  Planetary Fortress, Marine, Marauder x2  
  149  20:12  Command Center  
  149  20:25  Command Center, Terran Infantry Armor Level 3  
  141  21:03  Marine x5  
  121  21:21  Marine  
  115  21:28  Marine x4  
  117  21:38  Marine  
  118  21:45  Marine  
  115  21:50  Marine x4  
  115  21:51  Supply Depot  
  113  22:01  Missile Turret  
  113  22:07  Marine  
  113  22:08  Marine  
  84  22:45  Command Center  
  84  22:56  Refinery  
  84  23:01  Refinery  
  84  23:07  Orbital Command  
  82  23:33  Marauder  
  84  23:34  Marauder  
  84  23:37  Marine  
  82  23:50  Marine  
  82  23:51  Marine  
  82  23:54  Marauder  
  86  23:56  Marauder  
  86  24:00  Marine x5  
  93  24:08  Marine x2  
  95  24:13  SCV  
  95  24:15  Marauder  
  98  24:17  Marauder  
  100  24:25  SCV  
  100  24:26  Marine x2  
  103  24:33  SCV  
  103  24:37  Marauder  
  112  24:39  Marauder  
  112  24:45  SCV  
Show
View Real Time Build Order
Export as new Build Order

UnM Terran 

Build Orders:  

Get SALT Encoding   

  12  0:01  Probe (Chrono Boost)  
  13  0:18  Pylon  
  13  0:20  Probe (Chrono Boost)  
  14  0:31  Probe (Chrono Boost)  
  15  0:38  Gateway  
  15  0:41  Assimilator  
  15  0:46  Probe (Chrono Boost)  
  16  0:57  Probe (Chrono Boost)  
  17  1:08  Probe (Chrono Boost)  
  19  1:18  Probe (Chrono Boost)  
  19  1:30  Nexus  
  19  1:36  Assimilator  
  19  1:42  Probe (Chrono Boost)  
  20  1:53  Cybernetics Core  
  20  2:02  Pylon  
  20  2:04  Probe (Chrono Boost)  
  21  2:14  Probe (Chrono Boost)  
  21  2:26  Probe (Chrono Boost)  
  21  2:29  Adept (Chrono Boost)  
  24  2:32  Warp Gate (Chrono Boost)  
  24  2:41  Probe (Chrono Boost), Pylon  
  25  2:53  Mothership Core  
  25  2:58  Probe  
  28  3:05  Gateway  
  28  3:10  Probe  
  28  3:12  Probe  
  30  3:22  Probe  
  30  3:23  Probe  
  32  3:33  Probe  
  32  3:34  Pylon  
  32  3:40  Probe  
  32  3:44  Probe  
  32  3:45  Assimilator  
  33  3:52  Probe  
  33  3:54  Probe  
  34  3:56  Adept x2  
  39  4:05  Pylon  
  39  4:07  Probe x2 (Chrono Boost)  
  41  4:19  Probe (Chrono Boost)  
  41  4:20  Probe (Chrono Boost)  
  43  4:30  Gateway  
  43  4:31  Gateway  
  43  4:36  Pylon  
  43  4:37  Sentry  
  45  4:40  Probe (Chrono Boost)  
  45  4:41  Probe (Chrono Boost)  
  45  4:43  Sentry  
  49  4:47  Assimilator  
  49  4:50  Probe (Chrono Boost)  
  49  4:51  Probe (Chrono Boost)  
  49  4:52  Gateway, Pylon  
  51  4:59  Pylon  
  51  5:02  Probe x2 (Chrono Boost)  
  53  5:13  Probe (Chrono Boost)  
  53  5:14  Stalker x2, Stargate  
  54  5:18  Probe (Chrono Boost)  
  59  5:23  Probe (Chrono Boost), Pylon  
  61  5:28  Probe (Chrono Boost)  
  61  5:31  Nexus  
  61  5:36  Pylon  
  61  5:42  Stalker x2  
  65  6:01  Pylon  
  65  6:05  Oracle, Robotics Facility  
  65  6:07  Stalker x4  
  76  6:19  Probe x2 (Chrono Boost)  
  78  6:29  Probe x2 (Chrono Boost), Forge  
  78  6:31  Forge  
  80  6:47  Stalker x2  
  80  6:48  Stalker x2  
  87  7:27  Stalker x3  
  87  7:28  Stalker  
  89  7:32  Observer  
  90  7:38  Twilight Council  
  90  7:39  Stalker  
  91  7:51  Probe (Chrono Boost)  
  92  7:53  Probe x2 (Chrono Boost)  
  92  7:57  Robotics Facility  
  92  7:58  Stalker x3  
  92  7:59  Zealot, Robotics Facility  
  92  8:01  Probe (Chrono Boost)  
  92  8:04  Probe x2 (Chrono Boost)  
  92  8:05  Robotics Facility  
  101  8:06  Immortal  
  105  8:14  Probe (Chrono Boost)  
  103  8:20  Stalker  
  103  8:22  Stalker  
  103  8:23  Stalker  
  103  8:25  Probe (Chrono Boost)  
  107  8:43  Probe x2 (Chrono Boost)  
  109  8:50  Blink  
  109  8:53  Pylon  
  109  8:54  Probe x2 (Chrono Boost)  
  111  8:59  Assimilator  
  110  9:11  Observer x2  
  110  9:12  Nexus  
  110  9:17  Probe x2 (Chrono Boost)  
  114  9:20  Protoss Ground Weapons Level 1  
  114  9:21  Protoss Ground Armor Level 1  
  102  9:45  Probe (Chrono Boost)  
  102  9:47  Probe (Chrono Boost)  
  102  9:53  Warp Prism x2  
  102  9:57  Phoenix  
  108  10:10  Assimilator  
  108  10:12  Assimilator  
  108  10:15  Stargate, Assimilator  
  108  10:16  Probe (Chrono Boost)  
  108  10:18  Probe (Chrono Boost), Phoenix  
  110  10:32  Sentry  
  110  10:34  Sentry  
  113  10:40  Stalker  
  106  10:55  Probe x2 (Chrono Boost)  
  106  10:56  Probe (Chrono Boost)  
  109  11:15  Protoss Ground Armor Level 2  
  109  11:22  Pylon  
  109  11:23  Probe x2 (Chrono Boost), Pylon  
  109  11:24  Probe (Chrono Boost)  
  100  11:30  Protoss Ground Weapons Level 2  
  100  11:32  Immortal  
  94  11:36  Immortal x2  
  104  11:44  Pylon  
  102  11:49  Pylon  
  102  11:51  Stalker, Immortal  
  102  11:52  Stalker, Sentry  
  102  11:53  Sentry  
  114  12:09  Stalker  
  116  12:16  Pylon  
  116  12:20  Probe x3 (Chrono Boost)  
  116  12:22  Probe (Chrono Boost)  
  120  12:39  Gateway  
  120  12:40  Nexus  
  120  12:41  Gateway  
  120  12:43  Gateway  
  114  12:46  Pylon  
  114  12:49  Immortal  
  114  12:54  Immortal  
  122  13:10  Warp Prism  
  122  13:15  Warp Prism  
  126  13:26  Probe (Chrono Boost)  
  128  13:27  Probe (Chrono Boost)  
  128  13:28  Probe x2 (Chrono Boost)  
  124  13:42  Gateway  
  124  13:43  Stalker x2  
  124  13:44  Stalker, Gateway  
  124  13:45  Zealot  
  132  13:56  Phoenix  
  132  14:02  Sentry  
  136  14:03  Sentry  
  136  14:09  Assimilator  
  138  14:11  Assimilator  
  138  14:12  Mothership Core (Chrono Boost), Probe x3 (Chrono Boost)  
  143  14:21  Phoenix  
  145  14:41  Stalker  
  145  14:42  Stalker x3  
  145  14:43  Stalker  
  145  14:45  Stalker  
  157  14:46  Phoenix, Stargate  
  157  14:51  Stargate  
  149  15:02  Protoss Air Weapons Level 1  
  149  15:12  Immortal  
  149  15:17  Immortal  
  153  15:30  Mothership Core (Chrono Boost)  
  153  15:33  Observer, Phoenix  
  153  15:34  Phoenix  
  156  15:36  Phoenix  
  160  15:55  Stalker x2  
  160  15:56  Stalker x2  
  160  15:57  Stalker x4  
  172  16:07  Photon Cannon  
  172  16:11  Phoenix x2  
  168  16:14  Phoenix  
  126  16:26  Stalker x3  
  114  16:43  Stalker  
  114  16:44  Stalker  
  114  16:45  Stalker x4  
  118  16:51  Pylon  
  118  16:53  Pylon  
  105  17:09  Stalker x3  
  105  17:10  Stalker  
  113  17:20  Phoenix x2  
  113  17:24  Phoenix  
  111  17:35  Pylon  
  107  17:40  Pylon  
  101  17:59  Phoenix  
  101  18:00  Nexus  
  101  18:02  Pylon  
  101  18:03  Phoenix  
  105  18:18  Stalker x2  
  109  18:29  Pylon  
  109  18:32  Phoenix  
  111  18:51  Phoenix  
  111  18:57  Pylon  
  107  19:12  Probe (Chrono Boost)  
  107  19:13  Probe x2 (Chrono Boost)  
  110  19:20  Assimilator  
  110  19:25  Assimilator  
  110  19:28  Pylon  
  110  19:33  Adept  
  110  19:34  Adept x2  
  110  19:36  Adept  
  118  19:52  Gateway  
  118  19:56  Gateway  
  118  20:04  Forge  
  118  20:07  Stalker  
  118  20:08  Stalker x5  
  118  20:09  Stalker x2  
  134  20:20  Pylon  
  134  20:27  Phoenix  
  134  20:37  Probe x3 (Chrono Boost)  
  136  20:42  Pylon  
  136  20:43  Stalker x3  
  136  20:44  Stalker x2  
  134  20:52  Pylon  
  134  20:54  Pylon  
  126  20:58  Mothership Core (Chrono Boost)  
  116  21:08  Stalker  
  116  21:09  Stalker  
  108  21:38  Pylon  
  104  21:53  Pylon  
  104  21:54  Pylon  
  104  21:58  Pylon  
  104  22:02  Pylon  
  104  22:04  Pylon  
  104  22:07  Pylon  
  104  22:09  Nexus  
  94  22:24  Stalker x3  
  94  22:25  Stalker  
  94  22:26  Stalker  
  94  22:27  Stalker  
  74  22:42  Probe (Chrono Boost)  
  74  22:43  Probe x2 (Chrono Boost)  
  77  23:01  Stalker  
  77  23:02  Stalker x2  
  77  23:03  Stalker  
  77  23:04  Stalker  
  77  23:05  Sentry x2  
  90  23:07  Stalker  
  90  23:08  Stalker  
  90  23:09  Stalker  
  92  23:31  Immortal x2  
Show
View Real Time Build Order
Export as new Build Order

zod Protoss 

Build Orders:  

Get SALT Encoding   

Show
View Real Time Build Order
Export as new Build Order

hug Protoss 

Build Orders:  

Get SALT Encoding   

Tags
 
Add a new tag
Caveats
  • Supply blocks, unpowered buildings, or Contaminate may cause inaccurate times.
  • Supply counts are checked every 10 seconds.